[Event "ICC tourney 2556 (25 5)"]
[Site "Internet Chess Club"]
[Date "2021.05.08"]
[Round "2"]
[White "YANG, DANIEL:K05-16464806"]
[Black "KATRAGADDA, SATVIK:K05-30033149"]
[Result "1-0"]
[ICCResult "Black checkmated"]
[WhiteElo "1597"]
[BlackElo "1070"]
[Opening "Queen's gambit accepted"]
[ECO "D20"]
[NIC "QG.03"]
[Time "13:33:13"]
[PlyCount "75"]
[TimeControl "1500+5"]

1. d4 d5 2. c4 dxc4 3. e3 b5 4. a4 Bd7 5. axb5 Bxb5 6. Nc3 c6 7. Qf3 e6 8.
Nxb5 cxb5 9. Qxa8 Bb4+ 10. Kd1 a6 11. Qf3 Qf6 12. Qxf6 Nxf6 13. Nf3 Ne4 14.
Ke2 c3 15. bxc3 Bxc3 16. Ra3 Bb4 17. Rb3 Nc3+ 18. Kd3 Na2 19. Bd2 Nc6 20.
Rb2 Bxd2 21. Kxd2 Nab4 22. Bd3 O-O 23. Be4 Rd8 24. Bxc6 Nxc6 25. Ra1 Nb8
26. Kd3 g6 27. Rc2 f5 28. Ne5 b4 29. Rb2 a5 30. Rxa5 Kg7 31. Rxb4 Kh6 32.
Nf7+ Kg7 33. Nxd8 Nd7 34. Rb7 Kf8 35. Rxd7 Ke8 36. Raa7 h5 37. Rh7 e5 38.
Rh8# { Black checkmated } 1-0

[Event "ICC tourney 2556 (25 5)"]
[Site "Internet Chess Club"]
[Date "2021.05.08"]
[Round "2"]
[White "SRIPATHY RAO, ANJANEYA:K05-16442373"]
[Black "HU, ANDREW:K05-30094774"]
[Result "1-0"]
[ICCResult "Black resigns"]
[WhiteElo "1907"]
[BlackElo "1135"]
[Opening "Giuoco Piano"]
[ECO "C50"]
[NIC "IG.02"]
[Time "13:32:30"]
[PlyCount "61"]
[TimeControl "1500+5"]

1. e4 e5 2. Nf3 Nc6 3. Bc4 Bc5 4. O-O Nf6 5. d3 O-O 6. c3 h6 7. h3 d6 8.
Be3 a6 9. Nbd2 Be6 10. Bxe6 fxe6 11. Bxc5 dxc5 12. Nc4 Nd7 13. Qb3 Qe7 14.
Qxb7 Nd8 15. Qxa8 Nf7 16. Qxa6 Ng5 17. Nxg5 Qxg5 18. Qxe6+ Rf7 19. Qe8+ Nf8
20. Qc8 Qh5 21. Qg4 Qxg4 22. hxg4 Ne6 23. Nxe5 Rf8 24. a4 Nf4 25. g3 Ne6
26. a5 Rd8 27. Nc6 Rxd3 28. a6 Nd8 29. a7 Nxc6 30. a8=Q+ Kh7 31. Qxc6 {
Black resigns } 1-0

[Event "ICC tourney 2556 (25 5)"]
[Site "Internet Chess Club"]
[Date "2021.05.08"]
[Round "2"]
[White "AMRANY, BENJAMIN:K05-17261253"]
[Black "GURLEY, ADELYN:K05-16399220"]
[Result "1-0"]
[ICCResult "Black checkmated"]
[WhiteElo "1241"]
[BlackElo "733"]
[Opening "QGD: Marshall defense"]
[ECO "D06"]
[NIC "QP.08"]
[Time "13:32:34"]
[PlyCount "61"]
[TimeControl "1500+5"]

1. d4 d5 2. c4 Nf6 3. cxd5 Qxd5 4. Nc3 Qc6 5. e4 Nxe4 6. Bb5 Nxc3 7. Bxc6+
Bd7 8. Bxd7+ Nxd7 9. bxc3 e6 10. Bf4 Bd6 11. Bxd6 cxd6 12. Nf3 O-O 13. O-O
Rac8 14. Rc1 Nf6 15. Re1 Rc6 16. Qd2 d5 17. Ne5 Rb6 18. g4 Ne4 19. Rxe4
dxe4 20. Nd7 Rc8 21. Nxb6 axb6 22. c4 f5 23. gxf5 exf5 24. d5 Rd8 25. d6 g6
26. d7 Kf7 27. Rd1 Ke7 28. Qd6+ Kf7 29. Qc7 Rxd7 30. Rxd7+ Ke6 31. Qd6# {
Black checkmated } 1-0

[Event "ICC tourney 2556 (25 5)"]
[Site "Internet Chess Club"]
[Date "2021.05.08"]
[Round "2"]
[White "MADDINENI, SHISHIR:K05-17244051"]
[Black "JAYAPRAKASH, NANDAN:K05-16292014"]
[Result "0-1"]
[ICCResult "White checkmated"]
[WhiteElo "470"]
[BlackElo "848"]
[Opening "Caro-Kann defense"]
[ECO "B10"]
[NIC "CK.01"]
[Time "13:32:37"]
[PlyCount "78"]
[TimeControl "1500+5"]

1. e4 c6 2. Nf3 d5 3. d3 dxe4 4. dxe4 Qxd1+ 5. Kxd1 Bg4 6. Be2 Nf6 7. Nc3
e6 8. Be3 Bb4 9. Kd2 Nxe4+ 10. Kd3 Nxc3 11. bxc3 Ba5 12. Rhd1 O-O 13. Bd4
Rd8 14. Kd2 c5 15. Ne5 Bxe2 16. Kxe2 cxd4 17. cxd4 Bc3 18. Nf3 Bxa1 19.
Rxa1 Nc6 20. c3 h6 21. Kf1 f6 22. Rd1 e5 23. d5 Ne7 24. d6 Nc8 25. d7 Nb6
26. Nh4 Rxd7 27. Nf5 Rxd1+ 28. Ke2 Rd7 29. Kf3 Rc8 30. Kg3 Rxc3+ 31. Ne3
Nd5 32. Kf3 Nxe3 33. fxe3 Rd4 34. Kf2 Rd2+ 35. Kf3 f5 36. h3 f4 37. Ke4
Rxe3+ 38. Kf5 Kf7 39. g4 g6# { White checkmated } 0-1

[Event "ICC tourney 2556 (25 5)"]
[Site "Internet Chess Club"]
[Date "2021.05.08"]
[Round "2"]
[White "SATHISH, PRANAV:K05-16464655"]
[Black "MAASAI DANIELS, INDIGO:K05-30096534"]
[Result "1-0"]
[ICCResult "Black resigns"]
[WhiteElo "1768"]
[BlackElo "1100"]
[Opening "Queen's pawn, Mason variation"]
[ECO "D00"]
[NIC "QP.08"]
[Time "13:34:30"]
[PlyCount "53"]
[TimeControl "1500+5"]

1. d4 d5 2. Bf4 Nf6 3. e3 e6 4. Nf3 Nc6 5. c3 Bd6 6. Bg3 Ne4 7. Nbd2 f5 8.
Bb5 Bd7 9. Qe2 Qe7 10. Bxc6 Bxc6 11. Nxe4 dxe4 12. Ne5 Bxe5 13. Bxe5 O-O-O
14. O-O-O Rhf8 15. Kb1 Kb8 16. h4 g6 17. Bf4 h5 18. Bg5 Qd7 19. Bxd8 Rxd8
20. Qc2 Bd5 21. c4 Bc6 22. Rd2 e5 23. d5 b6 24. Rhd1 Bb7 25. Qc3 Qd6 26. b4
c5 27. dxc6 { Black resigns } 1-0

[Event "ICC tourney 2556 (25 5)"]
[Site "Internet Chess Club"]
[Date "2021.05.08"]
[Round "2"]
[White "PIERRE LOUIS, ELANA:K05-17258051"]
[Black "GASINSKY, JACOB:K05-16624648"]
[Result "0-1"]
[ICCResult "White checkmated"]
[WhiteElo "341"]
[BlackElo "807"]
[Opening "Scotch game"]
[ECO "C45"]
[NIC "SO.04"]
[Time "13:32:47"]
[PlyCount "78"]
[TimeControl "1500+5"]

1. e4 e5 2. Nf3 Nc6 3. d4 exd4 4. Nxd4 Nxd4 5. Qxd4 c5 6. Qe5+ Ne7 7. Qxc5
d6 8. Qe3 Ng6 9. Bc4 Be7 10. Qf3 Bf6 11. Bb5+ Bd7 12. Bc4 O-O 13. Qh5 Ne5
14. Bd3 Qa5+ 15. b4 Qxb4+ 16. Bd2 Qc5 17. Be2 Nd3+ 18. cxd3 Qxh5 19. Bxh5
Bxa1 20. Nc3 Rac8 21. Nd1 Ba4 22. Ke2 Bxd1+ 23. Rxd1 Bc3 24. Bc1 Be5 25.
Rh1 Rc2+ 26. Bd2 Rxa2 27. Rc1 Bf4 28. Rd1 g6 29. Bf3 Rc8 30. g3 Bh6 31. Ke1
Bxd2+ 32. Rxd2 Rc1+ 33. Ke2 Rcc2 34. Kd1 Rxd2+ 35. Ke1 Rdb2 36. d4 Rxf2 37.
e5 Rxf3 38. exd6 Rb3 39. d7 Rb1# { White checkmated } 0-1

[Event "ICC tourney 2556 (25 5)"]
[Site "Internet Chess Club"]
[Date "2021.05.08"]
[Round "2"]
[White "DENNIS GADA, KRIS:K05-30135052"]
[Black "LI, AIDAN:K05-16624042"]
[Result "0-1"]
[ICCResult "White checkmated"]
[WhiteElo "384"]
[BlackElo "824"]
[Opening "Dresden opening"]
[ECO "A20"]
[NIC "EO.25"]
[Time "13:35:02"]
[PlyCount "34"]
[TimeControl "1500+5"]

1. c4 e5 2. Nf3 Nc6 3. e4 Bc5 4. Bd3 Nf6 5. Nc3 O-O 6. O-O d6 7. Nb5 Bg4 8.
h3 Bh5 9. g4 Bg6 10. Ng5 Nd7 11. Re1 Qxg5 12. Nxc7 Rac8 13. Nd5 Qh4 14. Re2
Qxh3 15. b3 Qg3+ 16. Kf1 Qh2 17. Ke1 Qh1# { White checkmated } 0-1

[Event "ICC tourney 2556 (25 5)"]
[Site "Internet Chess Club"]
[Date "2021.05.08"]
[Round "2"]
[White "JANI, SONAM:K05-16948743"]
[Black "JAIN, RAYAN:K05-17009798"]
[Result "0-1"]
[ICCResult "White checkmated"]
[WhiteElo "399"]
[BlackElo "829"]
[Opening "Giuoco Pianissimo: Italian four knights variation"]
[ECO "C28"]
[NIC "VG.02"]
[Time "13:32:48"]
[PlyCount "98"]
[TimeControl "1500+5"]

1. e4 e5 2. Bc4 Nf6 3. Nc3 Nc6 4. Nf3 Bc5 5. d3 O-O 6. O-O d6 7. h3 b6 8.
Be3 Bxe3 9. fxe3 Bb7 10. d4 exd4 11. exd4 Na5 12. Bb3 Nxb3 13. axb3 Nxe4
14. Nxe4 Bxe4 15. Nd2 d5 16. Nxe4 dxe4 17. Re1 Re8 18. Rf1 e3 19. Re1 e2
20. Qd2 Qd7 21. Rxe2 Rxe2 22. Qxe2 Qxd4+ 23. Kf1 Qxb2 24. Rd1 Qf6+ 25. Kg1
h6 26. Re1 Qc6 27. Qf2 Rd8 28. Rf1 Qc5 29. Qxc5 bxc5 30. Re1 c4 31. bxc4 a5
32. Ra1 Ra8 33. c5 Kf8 34. c6 Ke7 35. Kf2 Kd6 36. Kf3 Kxc6 37. g4 Kb5 38.
Kf4 a4 39. h4 Kb4 40. Ke3 a3 41. Kd2 Kc4 42. Kc1 Kc3 43. Kb1 g6 44. h5 gxh5
45. gxh5 f5 46. Kc1 f4 47. Kb1 f3 48. Kc1 f2 49. Kd1 f1=Q# { White
checkmated } 0-1

[Event "ICC tourney 2556 (25 5)"]
[Site "Internet Chess Club"]
[Date "2021.05.08"]
[Round "2"]
[White "CALLENS, JAEL:K05-17208461"]
[Black "NEWELL, LOGAN:K05-17048236"]
[Result "1-0"]
[ICCResult "Black checkmated"]
[WhiteElo "1207"]
[BlackElo "566"]
[Opening "French: Winawer, advance variation"]
[ECO "C16"]
[NIC "FR.09"]
[Time "13:33:19"]
[PlyCount "39"]
[TimeControl "1500+5"]

1. e4 e6 2. d4 d5 3. Nc3 Bb4 4. e5 Bxc3+ 5. bxc3 c5 6. Nf3 Nc6 7. Be3 c4 8.
Be2 Nge7 9. O-O O-O 10. Nd2 Nf5 11. Nf3 Nxe3 12. fxe3 f6 13. exf6 Qxf6 14.
Ne5 Qe7 15. Bh5 Nxe5 16. dxe5 Qh4 17. Rxf8+ Kxf8 18. Qf3+ Kg8 19. Qf7+ Kh8
20. Qf8# { Black checkmated } 1-0

[Event "ICC tourney 2556 (25 5)"]
[Site "Internet Chess Club"]
[Date "2021.05.08"]
[Round "2"]
[White "FUNG, JAYDEN:K05-16706456"]
[Black "MUSE SINEK, JAMES:K05-17174225"]
[Result "1-0"]
[ICCResult "Black checkmated"]
[WhiteElo "761"]
[BlackElo "258"]
[Opening "Two knights defense"]
[ECO "C55"]
[NIC "IG.01"]
[Time "13:32:41"]
[PlyCount "35"]
[TimeControl "1500+5"]

1. e4 e5 2. Nf3 Nc6 3. Bc4 Nf6 4. O-O Bc5 5. b4 Bxb4 6. c3 Bc5 7. d4 exd4
8. cxd4 Bxd4 9. Nxd4 Nxd4 10. Qxd4 O-O 11. Bg5 h6 12. Bh4 Qe8 13. Bxf6 gxf6
14. Qxf6 d5 15. exd5 Qa4 16. Bd3 c6 17. Qxh6 Qd4 18. Qh7# { Black
checkmated } 1-0

[Event "ICC tourney 2556 (25 5)"]
[Site "Internet Chess Club"]
[Date "2021.05.08"]
[Round "2"]
[White "WILLIAMS, DIMITRI:K03-17266018"]
[Black "BRACK KARSTEN, ROWAN:K05-16593891"]
[Result "0-1"]
[ICCResult "White checkmated"]
[WhiteElo "273"]
[BlackElo "786"]
[Opening "Petrov's defense"]
[ECO "C42"]
[NIC "RG.01"]
[Time "13:34:33"]
[PlyCount "66"]
[TimeControl "1500+5"]

1. e4 e5 2. Nf3 Nf6 3. Bd3 Nc6 4. O-O d5 5. Nc3 dxe4 6. Bxe4 Nd4 7. Nxd4
Qxd4 8. Nb5 Qb6 9. c4 Nxe4 10. d3 Nd6 11. Qc2 Nxb5 12. c5 Qxc5 13. Qd2 Nd4
14. b4 Qxb4 15. Rb1 Qxd2 16. Bxd2 Be7 17. Rfc1 Ne2+ 18. Kf1 Nxc1 19. Bxc1
O-O 20. f3 Bf5 21. d4 Bxb1 22. dxe5 Rad8 23. f4 Rd1+ 24. Ke2 Rxc1 25. Kd2
Rc2+ 26. Kd1 Rxg2 27. Kc1 Bxa2 28. Kd1 Rxh2 29. Ke1 h5 30. Kf1 h4 31. Kg1
Rb2 32. Kh1 Rd8 33. f5 Rd1# { White checkmated } 0-1

[Event "ICC tourney 2556 (25 5)"]
[Site "Internet Chess Club"]
[Date "2021.05.08"]
[Round "2"]
[White "SELVAM, SWAGATHA:K05-16203181"]
[Black "POLICELLI, CYRUS:K05-16341942"]
[Result "1-0"]
[ICCResult "Black resigns"]
[WhiteElo "1289"]
[BlackElo "863"]
[Opening "QGD: Ragozin variation"]
[ECO "D38"]
[NIC "NI.27"]
[Time "13:34:02"]
[PlyCount "39"]
[TimeControl "1500+5"]

1. d4 d5 2. c4 e6 3. Nc3 Nf6 4. Nf3 Bb4 5. Bg5 h6 6. Bh4 Nc6 7. Ne5 dxc4 8.
Nxc6 Bxc3+ 9. bxc3 bxc6 10. e3 Ba6 11. Be2 g5 12. Bg3 Ne4 13. Qc2 Nxg3 14.
fxg3 Qd6 15. O-O Ke7 16. Bh5 Raf8 17. Rf3 Ke8 18. Raf1 Kd8 19. Bxf7 Rh7 20.
Qxh7 { Black resigns } 1-0

[Event "ICC tourney 2556 (25 5)"]
[Site "Internet Chess Club"]
[Date "2021.05.08"]
[Round "2"]
[White "CHANG LIU, NATHAN:K05-16650672"]
[Black "M HAN, WILLIAM:K05-17090961"]
[Result "1-0"]
[ICCResult "Black checkmated"]
[WhiteElo "1575"]
[BlackElo "298"]
[Opening "KP: Nimzovich defense"]
[ECO "B00"]
[NIC "VO.06"]
[Time "13:34:43"]
[PlyCount "59"]
[TimeControl "1500+5"]

1. e4 Nc6 2. d4 d5 3. exd5 Qxd5 4. Nf3 Bg4 5. Nc3 Qh5 6. Be2 O-O-O 7. Be3
Nf6 8. h3 a6 9. O-O e5 10. hxg4 Nxg4 11. g3 Nxd4 12. Bxd4 exd4 13. Nh4 dxc3
14. Bxg4+ Qxg4 15. Qxg4+ Kb8 16. bxc3 g6 17. Rad1 Rxd1 18. Rxd1 Be7 19. Rd7
f5 20. Qd4 Re8 21. Rxe7 Rxe7 22. Qd8+ Ka7 23. Qxe7 b5 24. Qc5+ Kb7 25. Nf3
a5 26. Ne5 b4 27. Qc6+ Kc8 28. Nd7 bxc3 29. Nb6+ Kd8 30. Qd7# { Black
checkmated } 1-0

[Event "ICC tourney 2556 (25 5)"]
[Site "Internet Chess Club"]
[Date "2021.05.08"]
[Round "2"]
[White "MACRAE RUML, HUGH:K05-30130694"]
[Black "KRISHNA, AATMIK:K05-17193623"]
[Result "0-1"]
[ICCResult "White checkmated"]
[WhiteElo "206"]
[BlackElo "754"]
[Opening "KP: Patzer opening"]
[ECO "C20"]
[NIC "KP.10"]
[Time "13:34:05"]
[PlyCount "74"]
[TimeControl "1500+5"]

1. e4 e5 2. Qh5 Nc6 3. Bc4 g6 4. Qf3 Nf6 5. g4 Nd4 6. Qg3 Nxc2+ 7. Kf1 Nxa1
8. Qxe5+ Qe7 9. Qxc7 Qd6 10. Qxd6 Bxd6 11. Nf3 Nxe4 12. Ng5 Nxg5 13. b4
Bxb4 14. Bb2 Nc2 15. Kg2 O-O 16. Bc3 Bxc3 17. Nxc3 Na3 18. Re1 Nxc4 19. Re7
Ne6 20. Nd5 Nb6 21. Nf6+ Kg7 22. Re8 Rxe8 23. Nxe8+ Kg8 24. Nf6+ Kg7 25.
Ne8+ Kf8 26. Nf6 Ke7 27. Nxh7 Nf4+ 28. Kg3 Ne2+ 29. Kf3 Nd4+ 30. Ke3 Nc2+
31. Kf4 Nd5+ 32. Ke5 Ndb4 33. Nf6 d6+ 34. Ke4 Kxf6 35. Kf4 g5+ 36. Ke4 Bxg4
37. d4 d5# { White checkmated } 0-1

[Event "ICC tourney 2556 (25 5)"]
[Site "Internet Chess Club"]
[Date "2021.05.08"]
[Round "2"]
[White "YU, ZIRAN:K05-30074850"]
[Black "SWEENEY, JACKSON:K05-30028117"]
[Result "1-0"]
[ICCResult "Black checkmated"]
[WhiteElo "795"]
[BlackElo "319"]
[Opening "Scandinavian defense"]
[ECO "B01"]
[NIC "SD.03"]
[Time "13:35:02"]
[PlyCount "41"]
[TimeControl "1500+5"]

1. e4 d5 2. exd5 Nf6 3. Bc4 Nxd5 4. Bxd5 Qxd5 5. Nf3 Bf5 6. Nc3 Qd6 7. d4
Nc6 8. Be3 O-O-O 9. d5 Ne5 10. Nxe5 Qxe5 11. O-O e6 12. Bxa7 exd5 13. Re1
Qf4 14. Be3 Qd6 15. Nb5 Qc6 16. Na7+ Kb8 17. Nxc6+ bxc6 18. c3 Re8 19. Qb3+
Kc8 20. Qa4 Bd7 21. Qa8# { Black checkmated } 1-0

[Event "ICC tourney 2556 (25 5)"]
[Site "Internet Chess Club"]
[Date "2021.05.08"]
[Round "2"]
[White "J WILLIAMS, CHRISTOPHER:K05-16250362"]
[Black "STINGLEY, MAX:K05-16512763"]
[Result "1-0"]
[ICCResult "Black checkmated"]
[WhiteElo "1519"]
[BlackElo "1020"]
[Opening "Caro-Kann: Panov-Botvinnik attack"]
[ECO "B13"]
[NIC "CK.03"]
[Time "13:33:41"]
[PlyCount "119"]
[TimeControl "1500+5"]

1. e4 c6 2. d4 d5 3. exd5 cxd5 4. c4 Nf6 5. Nc3 Nc6 6. Nf3 Bg4 7. Be2 dxc4
8. h3 Bxf3 9. Bxf3 Rc8 10. O-O e6 11. Re1 Be7 12. Be3 O-O 13. Ne4 Nb4 14.
Nxf6+ Bxf6 15. Bxb7 Rb8 16. Be4 Nd5 17. b3 cxb3 18. axb3 Nxe3 19. fxe3 Qb6
20. Qd3 Qxb3 21. Bxh7+ Kh8 22. Rxa7 g6 23. Bxg6 fxg6 24. Qxg6 Rb7 25. Qh6+
Kg8 26. Qg6+ Bg7 27. Rxb7 Qxb7 28. Qxe6+ Kh8 29. Qg4 Qb4 30. Rf1 Rb8 31.
Qh5+ Kg8 32. Qf7+ Kh8 33. Rf5 Qe1+ 34. Kh2 Qxe3 35. Rh5+ Bh6 36. Qf6+ Kh7
37. Qf5+ Kh8 38. Rxh6+ Qxh6 39. Qe5+ Kh7 40. Qxb8 Qf6 41. Qe5 Qg6 42. d5
Kg8 43. Qe6+ Qxe6 44. dxe6 Kf8 45. h4 Ke7 46. h5 Kxe6 47. g4 Kf6 48. Kh3
Kg5 49. Kg3 Kf6 50. Kf4 Kf7 51. Kf5 Kg7 52. g5 Kh7 53. Kf6 Kg8 54. g6 Kh8
55. h6 Kg8 56. g7 Kh7 57. Kf7 Kxh6 58. g8=Q Kh5 59. Qg3 Kh6 60. Qh4# {
Black checkmated } 1-0

[Event "ICC tourney 2556 (25 5)"]
[Site "Internet Chess Club"]
[Date "2021.05.08"]
[Round "2"]
[White "SUNG, JASON:K05-16250294"]
[Black "MCGRORY, EAMONN:K05-16885888"]
[Result "1-0"]
[ICCResult "Black checkmated"]
[WhiteElo "802"]
[BlackElo "357"]
[Opening "Giuoco Pianissimo: Italian four knights variation"]
[ECO "C50"]
[NIC "IG.02"]
[Time "13:33:42"]
[PlyCount "29"]
[TimeControl "1500+5"]

1. e4 e5 2. Nf3 Nc6 3. Bc4 Bc5 4. Nc3 Nf6 5. d3 O-O 6. O-O d6 7. Be3 Bg4 8.
h3 Bh5 9. g4 Nxg4 10. hxg4 Bxg4 11. Bxc5 Qg5 12. Nxg5 Ne7 13. Qxg4 Ng6 14.
Qh3 Nf4 15. Qxh7# { Black checkmated } 1-0

[Event "ICC tourney 2556 (25 5)"]
[Site "Internet Chess Club"]
[Date "2021.05.08"]
[Round "2"]
[White "MISHRA, KARTIKAYE:K05-17074673"]
[Black "CHAN OSBORN, ISAAC:K05-17282877"]
[Result "0-1"]
[ICCResult "White checkmated"]
[WhiteElo "521"]
[BlackElo "955"]
[Opening "Four knights game"]
[ECO "C47"]
[NIC "KP.06"]
[Time "13:32:35"]
[PlyCount "56"]
[TimeControl "1500+5"]

1. e4 e5 2. Nf3 Nc6 3. Nc3 Nf6 4. d3 h6 5. g3 Bc5 6. d4 exd4 7. Na4 Bb4+ 8.
c3 dxc3 9. bxc3 Ba5 10. e5 Ne4 11. Bd3 Nxc3 12. Nxc3 Bxc3+ 13. Bd2 Bxa1 14.
Qxa1 O-O 15. Bb1 d6 16. Qb2 dxe5 17. Nxe5 Nxe5 18. Qc2 Nf3+ 19. Kf1 Bh3+
20. Ke2 Nd4+ 21. Kd1 Bg4+ 22. f3 Bxf3+ 23. Ke1 Qe7+ 24. Be3 Qxe3+ 25. Kf1
Be2+ 26. Kg2 Bf3+ 27. Kh3 Qe6+ 28. Kh4 Qg4# { White checkmated } 0-1

[Event "ICC tourney 2556 (25 5)"]
[Site "Internet Chess Club"]
[Date "2021.05.08"]
[Round "2"]
[White "MUKTINUTALAPATI, NIKHIL:K05-16577451"]
[Black "YOGESH MEHTA, ADITYA:K05-17108546"]
[Result "0-1"]
[ICCResult "White checkmated"]
[WhiteElo "316"]
[BlackElo "797"]
[Opening "KP: Patzer opening"]
[ECO "C20"]
[NIC "KP.10"]
[Time "13:33:01"]
[PlyCount "30"]
[TimeControl "1500+5"]

1. e4 e5 2. Qh5 Nc6 3. Bc4 Qf6 4. d3 Bc5 5. Bg5 Qxf2+ 6. Kd1 Nd4 7. Bh4
Qxc2+ 8. Ke1 g6 9. Qxe5+ Kf8 10. Qxh8 Qc1+ 11. Kf2 Ne6+ 12. Kg3 Qf4+ 13.
Kh3 Ng5+ 14. Bxg5 d5+ 15. g4 Qxg4# { White checkmated } 0-1

[Event "ICC tourney 2556 (25 5)"]
[Site "Internet Chess Club"]
[Date "2021.05.08"]
[Round "2"]
[White "ANDREW DOUGLAS MURPHY, JACK:K05-16368541"]
[Black "JARQUIN, SEAN:K05-17258072"]
[Result "0-1"]
[ICCResult "White checkmated"]
[WhiteElo "754"]
[BlackElo "223"]
[Opening "Giuoco Piano"]
[ECO "C53"]
[NIC "IG.02"]
[Time "13:33:31"]
[PlyCount "56"]
[TimeControl "1500+5"]

1. e4 e5 2. Nf3 Nc6 3. Bc4 Bc5 4. c3 Na5 5. Bb3 Nxb3 6. Qxb3 Nh6 7. Nxe5
Bd6 8. d4 f6 9. Bxh6 Qe7 10. Bf4 Bxe5 11. Bxe5 fxe5 12. dxe5 Qxe5 13. Nd2
Qd6 14. O-O-O Qg6 15. g3 d5 16. Qxd5 Be6 17. Qxb7 Rc8 18. Rde1 h5 19. e5
Qd3 20. Re3 Qd5 21. Qxa7 Qa8 22. Qd4 Bf5 23. Ne4 Rd8 24. Nf6+ gxf6 25.
exf6+ Kf7 26. Qc4+ Kxf6 27. Qxc7 Qxh1+ 28. Re1 Qxe1# { White checkmated }
0-1

[Event "ICC tourney 2556 (25 5)"]
[Site "Internet Chess Club"]
[Date "2021.05.08"]
[Round "2"]
[White "LEYTE VIDAL, BRANDON:K05-17196870"]
[Black "GIORGIO TESSIORE, LUCA:K05-17347744"]
[Result "0-1"]
[ICCResult "White checkmated"]
[WhiteElo "1118"]
[BlackElo "1914"]
[Opening "Sicilian: Alapin's variation (2.c3)"]
[ECO "B22"]
[NIC "SI.46"]
[Time "13:34:02"]
[PlyCount "52"]
[TimeControl "1500+5"]

1. e4 c5 2. c3 d5 3. exd5 Qxd5 4. d4 Nc6 5. Nf3 e6 6. Bb5 Nf6 7. Bxc6+ Qxc6
8. dxc5 Bxc5 9. O-O O-O 10. Bf4 Nd5 11. Be5 f6 12. Bd4 e5 13. Bxc5 Qxc5 14.
Nbd2 Be6 15. Ne4 Qc6 16. Qd3 Rad8 17. Qe2 Nf4 18. Qe3 Rd3 19. Qc1 Ne2+ 20.
Kh1 Nxc1 21. Raxc1 Qxe4 22. Rce1 Qc6 23. Re2 Rxf3 24. gxf3 Qxf3+ 25. Kg1
Bh3 26. Re3 Qg2# { White checkmated } 0-1

[Event "ICC tourney 2556 (25 5)"]
[Site "Internet Chess Club"]
[Date "2021.05.08"]
[Round "2"]
[White "KASALA, RUTHVIK:K05-16909342"]
[Black "MUTHURAMAN, ADWAIYTH:K05-16450607"]
[Result "1-0"]
[ICCResult "Black checkmated"]
[WhiteElo "867"]
[BlackElo "499"]
[Opening "Caro-Kann: exchange variation"]
[ECO "B13"]
[NIC "CK.02"]
[Time "13:33:46"]
[PlyCount "47"]
[TimeControl "1500+5"]

1. e4 c6 2. d4 d5 3. exd5 cxd5 4. Nc3 Nf6 5. Nf3 Nc6 6. Bb5 e6 7. Ne5 Bd6
8. Nxc6 bxc6 9. Bxc6+ Bd7 10. Bxa8 Qxa8 11. Bg5 Be7 12. O-O O-O 13. Bxf6
Bxf6 14. Qe2 Bxd4 15. Rab1 Qb8 16. Qd3 Be5 17. g3 d4 18. Ne4 Bb5 19. c4 Bc6
20. f3 f5 21. Nf2 Qb7 22. Nh3 f4 23. Ng5 fxg3 24. Qxh7# { Black checkmated
} 1-0

[Event "ICC tourney 2556 (25 5)"]
[Site "Internet Chess Club"]
[Date "2021.05.08"]
[Round "2"]
[White "RAJ ALAGUMALAI, GAUTHAM:K05-17028646"]
[Black "VENKATARAJA, LINGAADYAKSSH:K05-15495814"]
[Result "0-1"]
[ICCResult "White checkmated"]
[WhiteElo "890"]
[BlackElo "1352"]
[Opening "St. George (Baker) defense"]
[ECO "B00"]
[NIC "VO.17"]
[Time "13:33:04"]
[PlyCount "38"]
[TimeControl "1500+5"]

1. e4 a6 2. d4 b5 3. Nf3 Bb7 4. Bd3 e6 5. O-O d6 6. Be3 Nd7 7. Nbd2 Ngf6 8.
Bg5 h6 9. Bh4 g5 10. Bg3 Rg8 11. e5 Nd5 12. Ne4 h5 13. Nfxg5 Rxg5 14. Nxg5
Qxg5 15. exd6 h4 16. Be5 Nxe5 17. dxe5 Nf4 18. d7+ Kd8 19. g3 Nh3# { White
checkmated } 0-1

[Event "ICC tourney 2556 (25 5)"]
[Site "Internet Chess Club"]
[Date "2021.05.08"]
[Round "2"]
[White "SARANGI, SHREYAN:K05-17058212"]
[Black "MA, JIN:K05-16813308"]
[Result "1-0"]
[ICCResult "Black resigns"]
[WhiteElo "1359"]
[BlackElo "899"]
[Opening "Ruy Lopez: 5.O-O"]
[ECO "C78"]
[NIC "RL.12"]
[Time "13:33:06"]
[PlyCount "63"]
[TimeControl "1500+5"]

1. e4 e5 2. Nf3 Nc6 3. Bb5 a6 4. Ba4 Nf6 5. O-O b5 6. Bb3 Bc5 7. c3 d6 8.
d4 exd4 9. cxd4 Bb6 10. Nc3 Bg4 11. Be3 O-O 12. d5 Ne5 13. Kh1 Nxf3 14.
gxf3 Bh3 15. Rg1 h6 16. Bxh6 Nh5 17. f4 Qh4 18. Qf3 Bxf2 19. e5 Bxg1 20.
Rxg1 Kh7 21. Bg5 Bg4 22. Qd3+ Bf5 23. Qxf5+ g6 24. Bxh4 gxf5 25. Bc2 dxe5
26. Bxf5+ Kh8 27. Bg4 Ng7 28. fxe5 Rfe8 29. Bf6 b4 30. Ne4 Rg8 31. Ng5 Raf8
32. Rg3 { Black resigns } 1-0

[Event "ICC tourney 2556 (25 5)"]
[Site "Internet Chess Club"]
[Date "2021.05.08"]
[Round "2"]
[White "SINHA, AANVI:K05-16964627"]
[Black "MANOHAR YELLEPEDDY, YUVAAN:K05-16384357"]
[Result "0-1"]
[ICCResult "White checkmated"]
[WhiteElo "103"]
[BlackElo "734"]
[Opening "Four knights: Italian variation"]
[ECO "C47"]
[NIC "KP.06"]
[Time "13:33:03"]
[PlyCount "108"]
[TimeControl "1500+5"]

1. e4 e5 2. Nf3 Nc6 3. Nc3 Nf6 4. Bc4 Nxe4 5. Nxe4 d5 6. Nc3 dxc4 7. O-O
Bc5 8. d4 exd4 9. Nxd4 Nxd4 10. Re1+ Be6 11. Na4 Be7 12. c3 Nc6 13. Qxd8+
Rxd8 14. Nc5 Bxc5 15. Bg5 Rd7 16. Rad1 Rxd1 17. Rxd1 O-O 18. h4 h6 19. Bf4
Bg4 20. Re1 Bb6 21. Be3 Re8 22. Kh2 Bc5 23. Kg3 Bd7 24. Kf3 Ne5+ 25. Ke2
Nd3 26. Rd1 Bg4+ 27. Kd2 Bxd1 28. Kxd1 Bxe3 29. fxe3 Nxb2+ 30. Ke2 Nd3 31.
h5 Nf4+ 32. Kf3 Nxh5 33. e4 Nf6 34. Kf4 Rxe4+ 35. Kf5 Re2 36. g4 Rxa2 37.
Kf4 Ra3 38. g5 hxg5+ 39. Kxg5 Ne4+ 40. Kf5 Nxc3 41. Ke5 Rb3 42. Kd4 b5 43.
Kc5 a5 44. Kd4 a4 45. Kc5 a3 46. Kc6 a2 47. Kxc7 a1=Q 48. Kc6 Qa6+ 49. Kc5
Na4+ 50. Kd5 Rd3+ 51. Ke4 Qe6+ 52. Kf4 Qe3+ 53. Kg4 Rd4+ 54. Kh5 Qe5# {
White checkmated } 0-1